 Dungeon Crawl Stone Soup version 0.28-b1-25-g9875b3fc8c (webtiles) character file.

Game seed: 11681758615389683668

2910 Esekla the Magician (level 9, -2/62 HPs)
             Began as an Octopode Cinder Acolyte on Feb 1, 2022.
             Was a High Priest of Ignis.
             Slain by a yak (7 damage)
             ... on level 8 of the Dungeon.
             The game lasted 00:59:43 (11502 turns).

Esekla the Magician (Octopode Cinder Acolyte)      Turns: 11502, Time: 00:59:43

Health: -2/62      AC:  8    Str: 13    XL:     9   Next: 78%
Magic:  18/18      EV: 14    Int: 30    God:    Ignis [*****.]
Gold:   85         SH:  0    Dex: 10    Spells: 17/20 levels left

rFire   + . .      SeeInvis .   c - +4 scimitar
rCold   . . .      Faith    .   (no shield)
rNeg    . . .      Spirit   .   (helmet restricted)
rPois   .          Reflect  .   (no amulet)
rElec   .          Harm     .   m - +6 ring of intelligence
rCorr   .          Rampage  .   G - +6 ring of intelligence
Will    .....                   (no ring)
Stlth   ++++......              (no ring)
HPRegen 0.20/turn               (no ring)
MPRegen 0.16/turn               (no ring)
                                (no ring)
                                (no ring)

@: fiery-armoured
A: almost no armour, amphibious, 8 rings, camouflage 1, gelatinous body 1,
(nimble swimmer 1), tentacles
a: Renounce Religion, Fiery Armour, Foxfire Swarm, Rising Flame


You were on level 8 of the Dungeon.
You worshipped Ignis.
Ignis was extremely pleased with you.
You visited 2 branches of the dungeon, and saw 9 of its levels.
You also visited: Sewer.

You collected 357 gold pieces.
You spent 272 gold pieces at shops.

Inventory:

Hand Weapons
 a - the +4 falchion "Sarcophage" {freeze, rF+ Str+3 Int-2}
   (You bought it in a shop on level 4 of the Dungeon)

   It freezes those it strikes, dealing additional cold damage.
   It can also slow down cold-blooded creatures.
   Str:       It affects your strength (+3).
   Int:       It affects your intelligence (-2).
   rF:        It protects you from fire.
 c - a +4 scimitar (weapon)
 f - a -1 falchion of flaming
 r - a +0 spear
 s - the +8 dagger "Birohufi" {vorpal, Stlth+}
   (You found it on level 6 of the Dungeon)

   It inflicts extra damage upon your enemies.
   Stlth:     It makes you more stealthy.
Missiles
 e - a throwing net
 g - 4 javelins
 x - 25 poisoned darts (quivered)
 F - 9 boomerangs
 H - a curare-tipped dart
 J - 3 silver boomerangs
Jewellery
 m - a +6 ring of intelligence (left tentacle)
 G - a +6 ring of intelligence (right tentacle)
Wands
 I - a wand of paralysis (14)
Scrolls
 d - 2 scrolls of enchant weapon {unknown}
 j - 3 scrolls of teleportation
 k - a scroll of immolation {unknown}
 n - 3 scrolls of enchant armour
 p - 3 scrolls of magic mapping
 q - a scroll of brand weapon
 w - a scroll of holy word {unknown}
 y - 2 scrolls of vulnerability {unknown}
 z - a scroll of fog {unknown}
 D - a scroll of blinking {unknown}
Potions
 b - a potion of ambrosia {unknown}
 h - 2 potions of curing
 i - a potion of attraction {unknown}
 l - 5 potions of heal wounds
 o - 2 potions of mutation
 t - a potion of brilliance
 u - 2 potions of haste
 v - a potion of degeneration {unknown}
 A - a potion of invisibility {unknown}
 B - a potion of cancellation
 C - 5 potions of flight
 E - a potion of might {unknown}


   Skills:
 * Level 5.9 Fighting
 + Level 1.8(4.3) Short Blades
 * Level 6.1(6.3) Long Blades
 + Level 0.2 Polearms
 + Level 1.3 Throwing
 * Level 4.5 Dodging
 + Level 5.9 Stealth
 * Level 6.4 Spellcasting
 + Level 0.9 Translocations
 + Level 5.1 Fire Magic


You had 17 spell levels left.
You knew the following spells:

 Your Spells              Type           Power      Damage    Failure   Level
a - Scorch                Fire           80%        2d9       1%          2
p - Apportation           Tloc           30%        N/A       3%          1

Your spell library contained the following spells:

 Spells                   Type           Power      Damage    Failure   Level
 Animate Skeleton         Necr           18%        N/A       4%          1
 Summon Small Mammal      Summ           36%        N/A       4%          1


Dungeon Overview and Level Annotations

Branches:
Dungeon (8/15)             Temple (1/1) D:7           Sewer (visited)
   Lair: D:8-11

Altars:
Ashenzari
Cheibriados
Dithmenos
Elyvilon
Fedhas
Gozag
Hepliaklqana
Kikubaaqudgha
Makhleb
Nemelex Xobeh
Okawaru
Qazlal
Ru
Sif Muna
Trog
Vehumet
Wu Jian
Xom
Yredelemnul
The Shining One

Shops:
D:4 (

Annotations:
D:2 ogre
D:4 sky beast
D:5 Edmund, Sigmund
D:7 captive rust devil & angel


Innate Abilities, Weirdness & Mutations

You cannot wear most types of armour.
You are amphibious.
You can wear up to eight rings at the same time.
Your skin changes colour to match your surroundings (Stealth+).
Your rubbery body absorbs attacks. (AC +1, EV +1)
((You are camouflaged when in or above water. (Stealth+)))
You have tentacles for arms and can constrict up to eight enemies at once.


Message History

The water moccasin bites you but does no damage.
The water moccasin is burned by your cloak of flames.
The water moccasin is heavily wounded.
The water moccasin bites you but does no damage.
The water moccasin is burned by your cloak of flames.
The water moccasin is severely wounded.
Casting: Scorch (safe; 1% risk of failure)
Confirm with . or Enter, or press ? or * to list all spells.
Flames lash the water moccasin.
You kill the water moccasin!
You feel sick.
You start resting.
You feel sick. x6
You are no longer poisoned.
You start resting.
Magic restored.
Things that are here:
a +0 robe; a water moccasin corpse You see here a water moccasin corpse.
There is a stone staircase leading down here.
You climb downwards.
The water moccasin barely misses you.
The water moccasin bites you but does no damage.
The water moccasin is burned by your cloak of flames.
The water moccasin is lightly wounded.
The yak completely misses you. The water moccasin misses you.
The water moccasin bites you.
The water moccasin is burned by your cloak of flames.
The water moccasin is moderately wounded.
The yak gores you!
* * * LOW HITPOINT WARNING * * *
The yak is burned by your cloak of flames.
The yak is lightly wounded.
A yak comes into view.
There is a stone staircase leading up here.
Okay, then.
The water moccasin bites you!
* * * LOW HITPOINT WARNING * * *
The water moccasin is burned by your cloak of flames.
The water moccasin is lightly wounded.
The water moccasin closely misses you. x2; The yak gores you!
You die...

##############
#....#.......#
#....#.......#
#....'.......#
#....#.>.....#
#....#########
#....##....###..##
#.....S@....#....#
##.....S.Y...#....#
#........[...#...#
#...........##...#
#...........##...##..
#.......(........z...
#...............z.z..
#.....Y..............
#....................


You could see 2 yaks and 2 water moccasins.

Vanquished Creatures
  Prince Ribbit (D:5)
  A steam dragon (D:6)
  2 water moccasins (D:7)
  An orc warrior (D:7)
  2 necrophages
  A sky beast (D:6)
  A black bear (D:7)
  An ice beast (D:6)
  2 centaurs
  6 kobold brigands
  2 bullfrogs
  A scorpion (D:4)
  2 water moccasin zombies (D:5)
  3 wights
  A howler monkey (D:8)
  2 centaur zombies
  6 orc priests
  3 jellies
  A hound (D:5)
  2 bullfrog skeletons (D:5)
  A centaur skeleton (D:6)
  An orc wizard (D:3)
  2 iguanas (D:5)
  Robin (D:3)
  9 adders
  5 river rats
  A shadow imp (D:6)
  A white imp (D:6)
  An ufetubus (D:6)
  An adder skeleton (D:5)
  5 worms
  3 dart slugs
  15 orcs
  A bat (D:2)
  9 endoplasms
  4 giant cockroaches
  17 goblins
  8 hobgoblins
  6 quokkas
  9 ball pythons
  3 frilled lizards (D:1)
  10 kobolds
  4 rats
158 creatures vanquished.

Vanquished Creatures (others)
  A fungus (D:8)
  2 plants (D:8)
3 creatures vanquished.

Grand Total: 161 creatures vanquished

Notes
Turn   | Place    | Note
-------+----------+-------------------------------------------
     0 | D:1      | Esekla the Octopode Cinder Acolyte began the quest for the
                  | Orb.
     0 | D:1      | Reached XP level 1. HP: 16/16 MP: 2/2
   788 | D:1      | Reached XP level 2. HP: 21/21 MP: 3/3
   791 | D:1      | Learned a level 2 spell: Scorch
  1505 | D:2      | Found a broken altar of Ashenzari.
  1571 | D:2      | Reached XP level 3. HP: 21/26 MP: 1/4
  1580 | D:2      | Reached skill level 1 in Stealth
  1898 | D:2      | Learned a level 1 spell: Apportation
  2046 | D:2      | Found a faded altar of an unknown god.
  2606 | D:3      | Reached XP level 4. HP: 29/31 MP: 6/6
  2730 | D:3      | Noticed Robin
  2744 | D:3      | Killed Robin
  3069 | D:3      | Noticed an ogre
  3085 | D:2      | Reached XP level 5. HP: 21/36 MP: 5/8
  3609 | D:2      | You fall into a shaft and drop 1 floor!
  4350 | D:4      | Noticed a necrophage
  4356 | D:4      | Killed a necrophage
  4357 | D:4      | Reached skill level 1 in Dodging
  4357 | D:4      | Reached XP level 6. HP: 41/43 MP: 4/10
  4565 | D:4      | Found Ajoatiuw's Antique Weapon Shop.
  4913 | D:4      | Noticed a sky beast
  4921 | D:5      | Entered Level 5 of the Dungeon
  4981 | D:5      | Noticed Sigmund
  5030 | D:5      | Reached XP level 7. HP: 47/48 MP: 11/11
  5175 | D:5      | Noticed Edmund
  5343 | D:5      | Found a glowing drain.
  5347 | Sewer    | Entered a sewer
  5362 | Sewer    | Reached skill level 1 in Short Blades
  5939 | Sewer    | Reached XP level 8. HP: 37/54 MP: 12/14
  6618 | D:5      | Noticed Prince Ribbit
  6625 | D:5      | Reached skill level 1 in Throwing
  6631 | D:5      | Killed Prince Ribbit
  6632 | D:5      | Reached skill level 5 in Fighting
  6632 | D:5      | Reached skill level 5 in Long Blades
  7038 | D:6      | Identified the +8 dagger "Birohufi" {vorpal, Stlth+}
  7177 | D:4      | Bought a twisted falchion for 272 gold pieces
  7177 | D:4      | Identified the +4 falchion "Sarcophage" {freeze, rF+ Str+3
                  | Int-2} (You bought it in a shop on level 4 of the Dungeon)
  7631 | D:5      | Reached skill level 5 in Spellcasting
  7646 | D:6      | Reached XP level 9. HP: 4/61 MP: 13/16
  8007 | D:6      | Found a radiant altar of Vehumet.
  8255 | D:5      | Reached skill level 5 in Stealth
  8361 | D:5      | HP: 2/61 [something (5)]
  9389 | D:7      | Found a stormy altar of Qazlal.
  9400 | D:7      | Noticed an angel
  9406 | D:7      | Found a staircase to the Ecumenical Temple.
  9417 | Temple   | Entered the Ecumenical Temple
  9738 | D:7      | Noticed a rust devil
 10998 | D:7      | Reached skill level 5 in Fire Magic
 11502 | D:8      | Slain by a yak

Illustrated notes

Levels and vault maps discovered:
D:1:      ncdulo_smallfort, layout_basic, serial_glass, glass_columns_b,
          glass_columns_a, glass_columns_a, glass_columns_a, glass_columns_c,
          glass_columns_a
D:2:      layout_basic, ebering_ecumenical_altar_webs, basic_altar,
          minmay_unequal
D:3:      layout_basic, uniq_robin
D:4:      cheibrodos_old_hovel, layout_cave_pods, serial_shops,
          nicolae_shop_stone
D:5:      layout_basic, gup_sewer_entry_spiral, uniq_prince_ribbit1,
          uniq_edmund, uniq_sigmund
D:6:      layout_basic, mainiacjoe_overflow_surrounded_room,
          chequers_serial_rivers_room_a, minmay_holes
D:7:      layout_layer_cave, nicolae_qazlal_general_emergency, temple_garden
D:8:      layout_gridville, lemuel_crystal_altar, minmay_lair_entry_grove
Temple:   dpeg_five_rooms_temple

Skill      XL: |  1  2  3  4  5  6  7  8  9 |
---------------+----------------------------+-----
Stealth        | 1 3 4 5 |  5.9
Spellcasting   | 2 3 4 5 6 |  6.4
Fighting       | 4 5 |  5.9
Long Blades    | 4 5 6 |  6.1
Dodging        | 1 2 4 |  4.5
Fire Magic     | 4 5 |  5.1
Short Blades   | 1 |  1.8
Throwing       | 1 |  1.3
Polearms       | |  0.2
Translocations | |  0.9

Action                   |  1- 3 |  4- 6 |  7- 9 || total
-------------------------+-------+-------+-------++-------
Melee: Falchion          |    38 |    35 |    76 ||   149
       Dagger            |     7 |     3 |    52 ||    62
       Constrict         |     5 |    14 |    30 ||    49
       Punch             |     1 |       |     1 ||     2
       Tentacles         |     5 |     9 |    31 ||    45
       Spear             |       |       |    26 ||    26
       Scimitar          |       |       |     5 ||     5
Throw: Javelin           |     2 |     8 |     6 ||    16
       Dart              |       |       |     4 ||     4
 Cast: Scorch            |    11 |    37 |    59 ||   107
       Apportation       |     5 |     8 |     9 ||    22
Invok: Fiery Armour      |       |       |     2 ||     2
  Use: Scroll            |       |       |    11 ||    11
       Potion            |       |       |     3 ||     3
 Stab: Sleeping          |     8 |     3 |    26 ||    37
Armor: Skin              |     2 |     1 |    27 ||    30
Dodge: Dodged            |    18 |    32 |   119 ||   169
